 Dungeon Crawl Stone Soup version 0.18.1-50-g88ac8fd (webtiles) character file.

289 Kronon the Skirmisher (level 6, -3/55 HPs)
             Began as a Formicid Abyssal Knight on Oct 1, 2016.
             Was a Believer of Lugonu.
             Killed from afar by an orc wizard (5 damage)
             ... with a magic dart
             ... on level 3 of the Dungeon.
             The game lasted 00:06:55 (4127 turns).

Kronon the Skirmisher (Formicid Abyssal Knight)     Turns: 4127, Time: 00:06:56

Health: -3/55      AC:  6    Str: 19    XL:     6   Next: 57%
Magic:  7/7        EV: 11    Int: 16    God:    Lugonu [**....]
Gold:   94         SH:  0    Dex: 10    Spells: 0 memorised, 5 levels left

rFire  . . .     SeeInvis +     a - +1 spear
rCold  . . .     Gourm    .     b - +0 leather armour
rNeg   . . .     Faith    .     (no shield)
rPois  .         Spirit   .     (helmet unavailable)
rElec  .         Dismiss  .     (no cloak)
rCorr  .         Reflect  .     f - +2 pair of gloves
SustAt .         Harm     .     (no boots)
MR     .....                    (no amulet)
Stlth  +.........               (no ring)
                                (no ring)

@: brilliant, not resistant to hostile enchantments, very unstealthy
A: permanent stasis, dig shafts and tunnels, four strong arms, antennae 3
a: Dig, Shaft Self, Depart the Abyss, Bend Space, Renounce Religion


You were on level 3 of the Dungeon.
You worshipped Lugonu.
Lugonu was pleased with you.
You were hungry.

You visited 1 branch of the dungeon, and saw 3 of its levels.
You visited the Abyss 1 time.

You collected 94 gold pieces.

Inventory:

Hand Weapons
 a - a +1 spear (weapon)
Armour
 b - a +0 leather armour (worn)
 f - a +2 pair of gloves (worn)
Wands
 i - a wand of flame (29/48)
Scrolls
 d - 3 scrolls of identify {unknown}
 e - 2 scrolls of recharging {unknown}
 g - a scroll of enchant weapon {unknown}
 k - 2 scrolls of teleportation {unknown}
Books
 n - a book of the Tempests

   Spells                             Type                      Level
   a - Static Discharge               Conjuration/Air              3
   b - Lightning Bolt                 Conjuration/Air              5
   c - Fireball                       Conjuration/Fire             5
   d - Tornado                        Air                          9
   e - Shatter                        Earth                        9
Comestibles
 c - a bread ration
 h - 2 meat rations


   Skills:
 + Level 7.5 Fighting
 - Level 2.0 Polearms
 - Level 2.1 Armour
 - Level 0.8 Dodging
 - Level 2.1 Invocations


You had 5 spell levels left.
You didn't know any spells.

Dungeon Overview and Level Annotations

Branches:
Dungeon (3/15)

Altars:

Annotations:
D:3 Kronon's ghost, amateur FoAK; Natasha


Innate Abilities, Weirdness & Mutations

You are under a permanent stasis effect.
You can dig through walls and to a lower floor.
Your four strong arms can wield two-handed weapons with a shield.
You have a pair of large antennae on your head (SInv).


Message History

The orc wizard hits you but does no damage.
The orc wizard gestures at you while chanting.
The magic dart hits you!
* * * LOW HITPOINT WARNING * * *
You hit the orc wizard but do no damage.
The orc wizard is moderately wounded.
The orc wizard hits you but does no damage.
You miss the orc wizard.
The orc wizard is moderately wounded.
The orc wizard hits you but does no damage.
The orc wizard barely misses you.
You miss the orc wizard.
The orc wizard is moderately wounded.
The orc wizard barely misses you.
You barely miss the orc wizard.
The orc wizard is moderately wounded.
The orc wizard hits you but does no damage.
The orc wizard gestures at you while chanting.
The magic dart hits you!
You die...

.#.......# ### # .##......### ..#
#. .##.#....... #.# #####..
...<#....# #.# #...... ....W....#
#.# #...... ..#o#....... #.#
#...... ..#.#....##. #.####......
..#[#....# ########.##o.....†.
..#.###.... #.@o...(.....<.....
#.).## ##### ########.#..#......
##...# #...##...... #...#
###..###...... ###..#### ###....#
##.#### #.......# #...#.####..#
## #.......# ##.###.##...####.
#.......#########>.###K#..####...
.................................


You could see an orc wizard.

Vanquished Creatures
  3 orc wizards
  Jessica (D:2)
  Ijyb (D:2)
  Terence (D:2)
  Robin (D:2)
  2 adders (D:2)
  An ooze (D:1)
  4 worms
  A dart slug (D:2)
  2 giant geckos
  6 orcs
  2 ball pythons
  2 giant cockroaches
  16 goblins
  8 hobgoblins
  10 kobolds
  3 quokkas (D:2)
  7 bats
  4 giant newts
  8 rats
83 creatures vanquished.

Notes
Turn   | Place    | Note
--------------------------------------------------------------
     0 | Abyss:1  | Kronon the Formicid Abyssal Knight began the quest for the Orb.
     0 | Abyss:1  | Reached XP level 1. HP: 18/18 MP: 2/2
    30 | Abyss:1  | Noticed a small abomination
    46 | Abyss:1  | Noticed a worldbinder
    50 | D:1      | Escaped the Abyss
   262 | D:1      | Reached XP level 2. HP: 25/25 MP: 3/3
   270 | D:1      | Reached * piety under Lugonu
   403 | D:1      | Reached skill level 4 in Fighting
   674 | D:1      | Reached XP level 3. HP: 30/31 MP: 4/4
  1259 | D:2      | Noticed Terence
  1288 | D:2      | Killed Terence
  1288 | D:2      | Reached skill level 5 in Fighting
  1288 | D:2      | Reached XP level 4. HP: 7/39 MP: 5/5
  1676 | D:2      | Noticed Ijyb
  1691 | D:2      | Killed Ijyb
  1771 | D:2      | Reached XP level 5. HP: 33/46 MP: 6/6
  1777 | D:2      | Noticed Jessica
  1786 | D:2      | Killed Jessica
  1786 | D:2      | Reached skill level 6 in Fighting
  1956 | D:2      | Noticed Robin
  1979 | D:2      | Reached ** piety under Lugonu
  2000 | D:2      | Killed Robin
  3086 | D:3      | Noticed Natasha
  3088 | D:3      | Noticed Kronon's ghost (amateur FoAK)
  3120 | D:2      | Reached XP level 6. HP: 17/53 MP: 7/7
  3466 | D:2      | Reached skill level 7 in Fighting
  4116 | D:3      | HP: 2/55 [worm (8)]
  4123 | D:3      | HP: 1/55 [orc wizard/magic dart (2)]
  4127 | D:3      | Killed from afar by an orc wizard

Skill      XL: |  1  2  3  4  5  6 |
---------------+-------------------+-----
Fighting       | 4 5 6 7 |  7.5
Polearms       | |  2.0
Armour         | |  2.1
Dodging        | |  0.8
Invocations    | |  2.1

Action                   |  1- 3 |  4- 6 || total
-------------------------+-------+-------++-------
Melee: Spear             |   131 |   298 ||   429
Invok: Depart the Abyss  |     1 |       ||     1
  Use: Potion            |     1 |     3 ||     4
 Stab: Distracted        |       |     1 ||     1
  Eat: Chunk             |     1 |     9 ||    10
Armor: Leather armour    |    25 |   109 ||   134
Dodge: Dodged            |    68 |   148 ||   216
